 Dungeon Crawl Stone Soup version 0.27-a0-1590-g15f69828bf (webtiles) character file.

Game seed: 18162432110590714464

478 Aviak the Ducker (level 7, -2/50 HPs)
             Began as a Djinni Conjurer on July 18, 2021.
             Slain by a black bear (7 damage)
             ... on level 4 of the Dungeon.
             The game lasted 00:05:47 (5521 turns).

Aviak the Ducker (Djinni Conjurer)                  Turns: 5521, Time: 00:05:48

Health: -2/50      AC:  4    Str:  5 (6)  XL:     7   Next: 33%
Gold:   245        EV: 13    Int: 19 (21) God:
                   SH:  0    Dex: 10 (12)

rFire    + + .     SeeInvis .   l - +3 flail (drain)
rCold    x . .     Faith    .   (no shield)
rNeg     . . .     Spirit   .   a - +0 robe
rPois    ∞         Reflect  .   d - +1 helmet
rElec    .         Harm     .   (no cloak)
rCorr    .         Rampage  .   (no gloves)
Will     .....                  (boots unavailable)
Stlth    ++........             (no amulet)
HPRegen  0.16/turn              (no ring)
MPRegen  0.00/turn              (no ring)

@: flying, very slightly contaminated, slowed, very slow
A: sickness immunity, fire resistance 2, cold vulnerability 1, float, innate
caster, hp casting, extra vitality 1
a: no special abilities


You were on level 4 of the Dungeon.
You visited 1 branch of the dungeon, and saw 4 of its levels.

You collected 245 gold pieces.

Inventory:

Hand Weapons
 l - a +3 flail of draining (weapon)
 m - a +3 short sword
Armour
 a - a +0 robe (worn)
 d - a +1 helmet (worn)
Scrolls
 b - 2 scrolls of teleportation {unknown}
 e - 2 scrolls of enchant armour {unknown}
 i - a scroll of blinking {unknown}
 n - a scroll of amnesia {unknown}
Potions
 c - a potion of degeneration {!q!q}
 f - a potion of haste
 g - a potion of heal wounds {unknown}
 h - a potion of ambrosia {unknown}
 j - a potion of cancellation {unknown}
 k - a potion of attraction {unknown}
 o - a potion of resistance


   Skills:
 + Level 3.6 Fighting
 + Level 5.0 Dodging
 - Level 2.0 Stealth
 + Level 4.5 Spellcasting


You couldn't memorise any spells.
You knew the following spells:

 Your Spells              Type           Power      Damage    Failure   Level
a - Magic Dart            Conj           84%        1d7       1%          1
b - Searing Ray           Conj           42%        3d4       3%          2
c - Dazzling Flash        Conj/Hex       42%        N/A       6%          3
d - Fulminant Prism       Conj/Hex       10%        3d9       21%         4
e - Iskenderun's Mystic   Conj/Tloc      21%        2d6       21%         4
f - Beastly Appendage     Tmut           42%        N/A       1%          1
g - Static Discharge      Conj/Air       21%        N/A       3%          2
h - Call Imp              Summ           21%        N/A       3%          2
Your spell library was empty.

Dungeon Overview and Level Annotations

Branches:
Dungeon (4/15)
 Temple: D:4-7

Altars:


Innate Abilities, Weirdness & Mutations

You are immune to sickness and miasma.
You are immune to poison.
Your flesh is very heat resistant. (rF++)
You are vulnerable to cold. (rC-)
You float through the air rather than walking.
You learn spells naturally, not from books.
Your magical power is your life essence.
You have superior vitality. (+4 HP)


Message History

You aren't carrying any items that you can evoke.
Okay, then.
Casting: Searing Ray (safe; 3% risk of failure)
Confirm with . or Enter, or press ? or * to list all spells.
The black bear is dazzled.
The gnoll shaman is dazzled.
* * * LOW HITPOINT WARNING * * *
The black bear bites you.
* * * LOW HITPOINT WARNING * * *
The black bear claws you.
* * * LOW HITPOINT WARNING * * *
The black bear closely misses you.
Unknown command.
Unknown command.
Casting: Dazzling Flash (dangerous; 6% risk of failure)
Confirm with . or Enter, or press ? or * to list all spells.
Okay, then.
The black bear is no longer blind.
The gnoll shaman is no longer blind.
There is an open door here.
Casting: Dazzling Flash (dangerous; 6% risk of failure)
Confirm with . or Enter, or press ? or * to list all spells.
The spell is quite dangerous to cast (21% risk of failure)!
Continue anyway?
Aiming: Fulminant Prism (quite dangerous; 21% risk of failure)
Press: ? - help, Dir - move target, p - black bear You miscast Fulminant Prism.
You are very lightly contaminated with residual magic.
You hear an indistinct dissonance whispering inside your mind.
You feel yourself slow down.
* * * LOW HITPOINT WARNING * * *
The black bear bites you.
* * * LOW HITPOINT WARNING * * *
The black bear claws you.
* * * LOW HITPOINT WARNING * * *
The black bear closely misses you.
Unknown command.
Unknown command.
The gnoll shaman utters an invocation to its god.
The gnoll shaman is healed somewhat.
The black bear bites you!
You die...

##.........##......##...## ##....
...........#........#...# ##.....
...........#........#...###......
###........#........#...#........
##.....###........#########....
##...##.##......## #....
##...##...##....## #....
###...##.....####'#### #....
....###.......gh@....+ #.)..
...## #.......######## #.... ..##
#.......# #..## ...## ##.....##
#### ....# #.....# ##..# #'#####
##.#.......# ###.......# ##
####.$$$.## #.


You could see a black bear and a gnoll shaman.

Vanquished Creatures
  An ogre (D:4)
  2 scorpions (D:4)
  A bullfrog skeleton (D:3)
  A hound (D:4)
  2 iguanas (D:4)
  An orc wizard (D:4)
  A gnoll (D:1)
  5 adders
  2 worms
  4 dart slugs
  3 orcs
  6 endoplasms
  5 giant cockroaches
  7 goblins
  2 hobgoblins (D:3)
  6 jackals
  11 kobolds
  3 quokkas
  4 ball pythons
  7 bats
  3 frilled lizards
  A jackal skeleton (D:4)
  A quokka skeleton (D:4)
  4 rats
83 creatures vanquished.

Notes
Turn   | Place    | Note
-------+----------+-------------------------------------------
     0 | D:1      | Aviak the Djinni Conjurer began the quest for the Orb.
     0 | D:1      | Reached XP level 1. HP: 15/15 MP: 0/0
   290 | D:1      | Reached XP level 2. HP: 17/21 MP: 0/0
   770 | D:1      | Reached XP level 3. HP: 18/26 MP: 0/0
   770 | D:1      | Learned a level 1 spell: Beastly Appendage
  1168 | D:2      | Reached skill level 1 in Fighting
  1168 | D:2      | Reached skill level 3 in Dodging
  1380 | D:2      | Reached XP level 4. HP: 27/32 MP: 0/0
  2353 | D:3      | Found a faded altar of an unknown god.
  2646 | D:3      | Reached XP level 5. HP: 20/38 MP: 0/0
  2646 | D:3      | Learned a level 2 spell: Static Discharge
  3609 | D:4      | Noticed an ogre
  3617 | D:4      | Killed an ogre
  3618 | D:4      | Reached skill level 4 in Dodging
  3618 | D:4      | Reached XP level 6. HP: 36/45 MP: 0/0
  3892 | D:4      | HP: 1/45 [orc (2)]
  4531 | D:4      | Reached XP level 7. HP: 31/50 MP: 0/0
  4531 | D:4      | Learned a level 2 spell: Call Imp
  5370 | D:4      | Reached skill level 5 in Dodging
  5521 | D:4      | Slain by a black bear

Illustrated notes

Levels and vault maps discovered:
D:1:      ncdulo_watergridlock, layout_rooms
D:2:      layout_rooms, kennysheep_decorative_pillar,
          hangedman_abyss_or_decor_lesser_grid
D:3:      layout_loops_corners, ebering_ecumenical_altar_mist
D:4:      minmay_polygon_palace, layout_layer_cave, solitary_fountain

Skill      XL: |  1  2  3  4  5  6  7 |
---------------+----------------------+-----
Stealth        | 2 |  2.0
Fighting       | 1 2 3 |  3.6
Dodging        | 3 4 5 |  5.0
Spellcasting   | 4 |  4.5

Action                   |  1- 3 |  4- 6 |  7- 9 || total
-------------------------+-------+-------+-------++-------
Melee: Unarmed           |     4 |     8 |       ||    12
       Flail             |       |     5 |    17 ||    22
 Cast: Magic Dart        |    66 |    31 |       ||    97
       Searing Ray       |       |    31 |     3 ||    34
       Dazzling Flash    |       |       |     1 ||     1
  Use: Potion            |       |     5 |       ||     5
Armor: Robe              |     2 |     7 |     5 ||    14
Dodge: Dodged            |    14 |    39 |    24 ||    77

Table legend: (Time is in decaauts)
 A = Elapsed time spent in this place.
 B = Non-inter-level travel time spent in this place.
 C = Inter-level travel time spent in this place.
 D = Time resting spent in this place.
 E = Time spent auto-exploring this place.
 F = Levels seen in this place.
 G = Mean time per level.
                   A        B        C        D        E       F      G
               +--------+--------+--------+--------+--------+-----+--------+
         Total |   5515 |   5466 |     49 |    544 |   4362 |   4 | 1378.8 |
       Dungeon |   5515 |   5466 |     49 |    544 |   4362 |   4 | 1378.8 |
               +--------+--------+--------+--------+--------+-----+--------+

Top non-repeatable levels by time:
     D:3: 1734 daAuts
     D:4: 1625 daAuts
     D:1: 1139 daAuts
     D:2: 1015 daAuts
